Map: Ultralove

Players

Thortralisk - Winner!

  • Race: Protoss Protoss
  • League: Master
  • Spawn Location: 1:00

Ultraman

  • Race: Zerg Zerg
  • League: Master
  • Spawn Location: 7:00

VOD

Have the link to the VOD?

Description

Time

  • Played on: June 28, 2025, 9:05 p.m.
  • Length: 8:17
Show
View Real Time Build Order
Export as new Build Order

Thortralisk Protoss - Winner!

Build Orders: Cannon Rush 

Get SALT Encoding   

  1  0:00  Probe  
  12  0:04  Probe  
  14  0:15  Probe  
  15  0:21  Pylon  
  15  0:39  Probe  
  15  0:42  Forge  
  16  0:49  Pylon  
  16  0:51  Probe  
  17  1:00  Probe  
  18  1:08  Probe  
  18  1:15  Photon Cannon  
  18  1:18  Photon Cannon  
  19  1:19  Probe  
  20  1:35  Probe  
  21  1:41  Photon Cannon  
  21  1:42  Gateway  
  21  1:47  Probe  
  22  1:59  Probe  
  23  2:05  Nexus  
  23  2:10  Probe  
  23  2:13  Pylon  
  24  2:18  Probe  
  24  2:21  Assimilator  
  25  2:29  Assimilator  
  25  2:34  Photon Cannon  
  25  2:39  Probe  
  26  2:46  Photon Cannon  
  26  2:57  Cybernetics Core  
  26  2:58  Probe  
  27  3:05  Photon Cannon  
  27  3:28  Photon Cannon, Probe x2  
  27  3:30  Pylon  
  29  3:36  Stargate  
  29  3:39  Shield Battery  
  29  3:48  Pylon  
  29  3:57  Photon Cannon  
  29  4:00  Shield Battery  
  29  4:08  Stargate  
  29  4:13  Void Ray  
  29  4:14  Probe  
  29  4:16  Probe  
  31  4:18  Assimilator  
  35  4:28  Photon Cannon  
  35  4:37  Probe x2  
  37  4:49  Probe x2  
  43  4:54  Assimilator  
  43  5:01  Probe  
  43  5:02  Probe  
  43  5:03  Fleet Beacon  
  41  5:10  Probe  
  41  5:13  Protoss Air Weapons Level 1, Probe  
  42  5:18  Probe  
  43  5:25  Probe  
  43  5:26  Stargate  
  45  5:29  Pylon, Probe  
  46  5:37  Carrier  
  46  5:38  Probe  
  53  5:50  Probe  
  53  5:51  Probe  
  53  5:52  Nexus  
  53  5:56  Pylon  
  55  6:02  Probe  
  56  6:04  Carrier  
  56  6:07  Probe  
  63  6:22  Probe  
  63  6:23  Pylon  
  64  6:26  Probe  
  64  6:27  Photon Cannon  
  65  6:34  Carrier  
  65  6:35  Probe  
  65  6:38  Pylon, Probe  
  67  6:47  Probe  
  74  6:50  Probe  
  75  6:55  Pylon  
  75  6:59  Probe  
  76  7:02  Probe  
  76  7:04  Probe  
  78  7:09  Shield Battery  
  78  7:10  Carrier  
  78  7:11  Probe  
  78  7:15  Probe  
  86  7:17  Probe  
  86  7:18  Assimilator  
  87  7:24  Photon Cannon  
  87  7:28  Probe  
  88  7:32  Assimilator  
  88  7:36  Pylon  
  88  7:40  Stargate  
  88  7:52  Probe x3  
  97  8:04  Probe x3  
Show
View Real Time Build Order
Export as new Build Order

Ultraman Zerg 

Build Orders: Pool First, Ravager All-In 

Get SALT Encoding   

  12  0:00  Drone  
  13  0:12  Overlord  
  13  0:18  Drone  
  14  0:31  Drone x2  
  16  0:41  Spawning Pool  
  15  0:44  Drone  
  15  0:48  Drone  
  17  1:04  Drone  
  17  1:08  Extractor  
  17  1:26  Drone x2  
  17  1:30  Hatchery  
  17  1:32  Roach Warren  
  17  1:41  Queen  
  19  1:49  Extractor  
  19  1:54  Drone  
  19  1:55  Drone  
  20  2:03  Zergling x2  
  20  2:06  Overlord  
  21  2:17  Zergling x2  
  22  2:28  Roach  
  23  2:40  Roach  
  23  2:43  Roach  
  27  2:52  Queen  
  27  2:53  Roach  
  27  2:56  Ravager  
  32  3:03  Ravager  
  33  3:06  Roach  
  35  3:14  Ravager  
  35  3:27  Ravager  
  32  3:42  Roach  
  32  3:43  Roach  
  32  3:48  Overlord  
  33  4:00  Overlord  
  33  4:12  Roach  
  33  4:14  Ravager  
  36  4:25  Ravager  
  36  4:27  Drone x2  
  39  4:36  Queen  
  41  4:46  Hatchery  
  40  4:57  Queen  
  40  4:59  Drone x3  
  46  5:00  Drone x4  
  49  5:21  Spore Crawler  
  49  5:23  Lair  
  49  5:25  Spore Crawler  
  47  5:30  Overlord  
  47  5:31  Overlord  
  47  5:38  Metabolic Boost  
  47  6:00  Spore Crawler  
  47  6:01  Drone  
  47  6:02  Drone x3  
  47  6:03  Queen, Drone  
  53  6:11  Queen  
  53  6:12  Drone x2  
  53  6:13  Drone  
  53  6:17  Drone x2  
  60  6:23  Evolution Chamber, Drone  
  60  6:33  Overseer  
  60  6:35  Drone  
  60  6:36  Drone x4  
  65  6:46  Queen  
  65  6:47  Hydralisk Den  
  65  6:51  Overlord x2  
  66  7:05  Overlord x3  
  66  7:09  Queen  
  69  7:22  Drone  
  69  7:23  Drone x6  
  69  7:24  Spore Crawler  
  69  7:29  Queen  
  76  7:39  Drone x2  
  76  7:42  Drone x2  
Tags
 
Add a new tag
Caveats
  • Supply blocks, unpowered buildings, or Contaminate may cause inaccurate times.
  • Supply counts are checked every 10 seconds.